| TOP OF THE 1ST |
|
New York Mets batting - Pitching for San Diego Padres : LHP Ed Vande Berg
|
|
Pitching: LHP Ed Vande Berg
|
|
|
Batting: RHB Dave Concepcion
|
0-0: Ball 1-0: Called Strike 1-1: Ball 2-1: DOUBLE (Groundball, 5L, EV 103.8 MPH)
|
|
Batting: RHB Jason Sickman
|
0-0: SINGLE (Groundball, 4MD, EV 102.5 MPH) Dave Concepcion to third Runner from 3rd tries for Home, SAFE, throw by CF to home
|
|
Batting: LHB Lyman Bostock
|
0-0: Swinging Strike 0-1: Ball 1-1: Foul Ball, location: 2F 1-2: Ball 2-2: Ball 3-2: Strikes out swinging
|
|
Batting: RHB George Gomez
|
0-0: Called Strike 0-1: Foul Ball, location: 2F 0-2: Ball 1-2: SINGLE (Line Drive, 34, EV 98.8 MPH) Jason Sickman to second
|
|
Batting: LHB John Kruk
|
0-0: Ball 1-0: Ball 2-0: Fly out, F5 (Popup, 5SF, EV 67.5 MPH)
|
|
Batting: RHB Ray Knight
|
0-0: Ball 1-0: Ball 2-0: Ball 3-0: Base on Balls Jason Sickman to third George Gomez to second
|
|
Batting: RHB German Rivera
|
0-0: Ball 1-0: Called Strike 1-1: Ball 2-1: Swinging Strike 2-2: Foul Ball, location: 2F 2-2: Ball 3-2: SINGLE (Line Drive, 7LS, EV 104.4 MPH) Jason Sickman scores George Gomez to third Ray Knight to second George Gomez scores Ray Knight to third
|
|
Batting: RHB Juan Garcia
|
0-0: Called Strike 0-1: Ball 1-1: Ball 2-1: SINGLE (Groundball, 56S, EV 61.9 MPH) (infield hit) Ray Knight scores German Rivera to second
|
|
Batting: RHB Oscar Brito
|
0-0: Ball 1-0: Foul Ball, location: 2F 1-1: Ball 2-1: Fly out, F8 (Flyball, 8RD, EV 88.1 MPH)
|
| Top of the 1st over - 4 runs, 5 hits, 0 errors, 2 left on base; New York 4 - San Diego 0 |
| BOTTOM OF THE 1ST |
|
San Diego Padres batting - Pitching for New York Mets : RHP Oscar Brito
|
|
Pitching: RHP Oscar Brito
|
|
|
Batting: RHB Bob Dernier
|
0-0: Ball 1-0: Fly out, F7 (Flyball, 7, EV 91.3 MPH)
|
|
Batting: RHB Dennis Dungy
|
0-0: Foul Ball, location: 2F 0-1: SINGLE (Groundball, 56D, EV 103.1 MPH)
|
|
Batting: LHB Tom Dunbar
|
0-0: Called Strike 0-1: Swinging Strike 0-2: Fielders Choice at 2nd, 4-6 (Groundball, 4, EV 82.5 MPH)
|
|
Batting: RHB Joel Youngblood
|
0-0: Called Strike Tom Dunbar steals 2nd base (no throw) 0-1: Ball 1-1: Swinging Strike 1-2: Ball 2-2: Fly out, F4 (Popup, 34D, EV 73.8 MPH)
|
| Bottom of the 1st over - 0 runs, 1 hit, 0 errors, 1 left on base; New York 4 - San Diego 0 |
| TOP OF THE 2ND |
|
New York Mets batting - Pitching for San Diego Padres : LHP Ed Vande Berg
|
|
Batting: RHB Dave Concepcion
|
0-0: Ball 1-0: Ball 2-0: TRIPLE (Flyball, 89XD, EV 111.9 MPH)
|
|
Batting: RHB Jason Sickman
|
0-0: Called Strike 0-1: Foul Ball, location: 2F 0-2: Fly out, F8 (Flyball, 8LS, EV 74.4 MPH)
|
|
Batting: LHB Lyman Bostock
|
0-0: Called Strike 0-1: Ball 1-1: Ball 2-1: Called Strike 2-2: Ball 3-2: SINGLE (Groundball, 4D, EV 94.4 MPH) Dave Concepcion scores
|
|
Batting: RHB George Gomez
|
0-0: Ball 1-0: Called Strike 1-1: Ball 2-1: Ball 3-1: Foul Ball, location: 2F 3-2: Base on Balls Lyman Bostock to second
|
|
Batting: LHB John Kruk
|
0-0: Called Strike 0-1: Swinging Strike 0-2: Foul Ball, location: 2F 0-2: Ball 1-2: Strikes out swinging
|
|
Batting: RHB Ray Knight
|
0-0: Ball 1-0: Ball 2-0: SINGLE (Line Drive, 34D, EV 96.3 MPH) Lyman Bostock to third George Gomez to second Runner from 3rd tries for Home, throw by RF and OUT! 9-2
|
| Top of the 2nd over - 1 run, 3 hits, 0 errors, 2 left on base; New York 5 - San Diego 0 |
| BOTTOM OF THE 2ND |
|
San Diego Padres batting - Pitching for New York Mets : RHP Oscar Brito
|
|
Batting: LHB Jerry McDonald
|
0-0: Ball 1-0: Ball 2-0: Ball 3-0: Base on Balls
|
|
Batting: RHB Heriberto Soltero
|
0-0: Foul Ball, location: 2F 0-1: Ball 1-1: Ball 2-1: Ball 3-1: Foul Ball, location: 2F 3-2: Foul Ball, location: 2F 3-2: SINGLE (Line Drive, 34D, EV 103.1 MPH) Jerry McDonald to second Jerry McDonald to third
|
|
Batting: RHB Eddy Martinez
|
0-0: Called Strike 0-1: Ball 1-1: Ball 2-1: Foul Ball, location: 2F 2-2: Strikes out swinging
|
|
Batting: LHB Jeffrey Zitek
|
0-0: Ball 1-0: Called Strike 1-1: Ball 2-1: Foul Ball, location: 2F 2-2: Strikes out swinging
|
|
Batting: RHB Ed Vande Berg
|
0-0: Foul Ball, location: 2F 0-1: Ball 1-1: Ball 2-1: Foul Ball, location: 2F 2-2: Strikes out swinging
|
| Bottom of the 2nd over - 0 runs, 1 hit, 0 errors, 2 left on base; New York 5 - San Diego 0 |
| TOP OF THE 3RD |
|
New York Mets batting - Pitching for San Diego Padres : LHP Ed Vande Berg
|
|
Batting: RHB German Rivera
|
0-0: Fly out, F8 (Line Drive, 8LM, EV 95.0 MPH)
|
|
Batting: RHB Juan Garcia
|
0-0: Ball 1-0: Swinging Strike 1-1: SINGLE (Line Drive, 9LM, EV 106.3 MPH)
|
|
Batting: RHB Oscar Brito
|
0-0: Bunted foul 0-1: Bunted foul 0-2: Sac Bunt to 15 - play at first, batter OUT! 1-4 Juan Garcia to second
|
|
Batting: RHB Dave Concepcion
|
0-0: Fly out, F4 (Line Drive, 4, EV 71.3 MPH)
|
| Top of the 3rd over - 0 runs, 1 hit, 0 errors, 1 left on base; New York 5 - San Diego 0 |
| BOTTOM OF THE 3RD |
|
San Diego Padres batting - Pitching for New York Mets : RHP Oscar Brito
|
|
Batting: RHB Bob Dernier
|
0-0: Ground out 6-3 (Groundball, 6, EV 110.6 MPH)
|
|
Batting: RHB Dennis Dungy
|
0-0: Ball 1-0: Called Strike 1-1: Ball 2-1: Foul Ball, location: 2F 2-2: Ball 3-2: Foul Ball, location: 2F 3-2: Fly out, F7 (Line Drive, 7D, EV 88.1 MPH)
|
|
Batting: LHB Tom Dunbar
|
0-0: Ball 1-0: Ball 2-0: Ball 3-0: Base on Balls
|
|
Batting: RHB Joel Youngblood
|
0-0: Fly out, F9 (Flyball, 89M, EV 88.1 MPH)
|
| Bottom of the 3rd over - 0 runs, 0 hits, 0 errors, 1 left on base; New York 5 - San Diego 0 |
| TOP OF THE 4TH |
|
New York Mets batting - Pitching for San Diego Padres : LHP Ed Vande Berg
|
|
Batting: RHB Jason Sickman
|
0-0: Ball 1-0: Fly out, F8 (Flyball, 8RS, EV 88.8 MPH)
|
|
Batting: LHB Lyman Bostock
|
0-0: Ball 1-0: Ball 2-0: Called Strike 2-1: Fly out, F8 (Flyball, 8LD, EV 85.6 MPH)
|
|
Pitching: RHP Raymond Prince
|
|
|
Batting: RHB George Gomez
|
0-0: Ball 1-0: Ball 2-0: DOUBLE (Line Drive, 78M, EV 111.9 MPH)
|
|
Batting: LHB John Kruk
|
0-0: Ball 1-0: Foul Ball, location: 2F 1-1: Called Strike 1-2: Fly out, F7 (Flyball, 7LD, EV 81.9 MPH)
|
| Top of the 4th over - 0 runs, 1 hit, 0 errors, 1 left on base; New York 5 - San Diego 0 |
| BOTTOM OF THE 4TH |
|
San Diego Padres batting - Pitching for New York Mets : RHP Oscar Brito
|
|
Batting: LHB Jerry McDonald
|
0-0: Ball 1-0: Called Strike 1-1: Ball 2-1: Ground out 4-3 (Groundball, 4M, EV 101.3 MPH)
|
|
Batting: RHB Heriberto Soltero
|
0-0: Ball 1-0: Ball 2-0: Ball 3-0: Called Strike 3-1: Called Strike 3-2: Ground out U3 (Groundball, 23, EV 90.0 MPH)
|
|
Batting: RHB Eddy Martinez
|
0-0: Called Strike 0-1: Ball 1-1: Ground out 6-3 (Groundball, 56, EV 82.5 MPH)
|
| Bottom of the 4th over - 0 runs, 0 hits, 0 errors, 0 left on base; New York 5 - San Diego 0 |
| TOP OF THE 5TH |
|
New York Mets batting - Pitching for San Diego Padres : RHP Raymond Prince
|
|
Batting: RHB Ray Knight
|
0-0: Ball 1-0: Swinging Strike 1-1: Swinging Strike 1-2: Fly out, F8 (Flyball, 8RD, EV 106.9 MPH)
|
|
Batting: RHB German Rivera
|
0-0: Ground out 6-3 (Groundball, 6, EV 85.6 MPH)
|
|
Batting: RHB Juan Garcia
|
0-0: Ball 1-0: Called Strike 1-1: SINGLE (Groundball, 5S, EV 71.9 MPH) (infield hit)
|
|
Pinch Hitting: RHB Gary Redus
|
0-0: Called Strike 0-1: Fielders Choice at 2nd, 5-4 (Groundball, 56, EV 108.8 MPH)
|
| Top of the 5th over - 0 runs, 1 hit, 0 errors, 1 left on base; New York 5 - San Diego 0 |
| BOTTOM OF THE 5TH |
|
San Diego Padres batting - Pitching for New York Mets : RHP Oscar Brito
|
|
Pitching: LHP William Scholl
|
|
|
Batting: LHB Jeffrey Zitek
|
0-0: Called Strike 0-1: Ball 1-1: Ball 2-1: Swinging Strike 2-2: Strikes out looking
|
|
Batting: RHB Raymond Prince
|
0-0: Called Strike 0-1: Foul Ball, location: 2F 0-2: Ball 1-2: Strikes out swinging
|
|
Batting: RHB Bob Dernier
|
0-0: Called Strike 0-1: Ground out 6-3 (Groundball, 6D, EV 96.3 MPH)
|
| Bottom of the 5th over - 0 runs, 0 hits, 0 errors, 0 left on base; New York 5 - San Diego 0 |
| TOP OF THE 6TH |
|
New York Mets batting - Pitching for San Diego Padres : RHP Raymond Prince
|
|
Pinch Hitting: RHB Rick Burleson
|
0-0: Fly out, F7 (Flyball, 7LM, EV 72.5 MPH)
|
|
Batting: RHB Jason Sickman
|
0-0: Ball 1-0: Foul Ball, location: 2F 1-1: Called Strike 1-2: Foul Ball, location: 2F 1-2: SINGLE (Line Drive, 8LS, EV 98.8 MPH)
|
|
Pinch Hitting: LHB Roy E Johnson
|
0-0: Foul Ball, location: 2F 0-1: Called Strike 0-2: Ball 1-2: Fielders Choice at 2nd, 3-6 (Groundball, 3, EV 90.0 MPH)
|
|
Pinch Hitting: RHB Garry Maddox
|
0-0: Fielders Choice at 2nd, 6-4 (Groundball, 6, EV 80.6 MPH)
|
| Top of the 6th over - 0 runs, 1 hit, 0 errors, 1 left on base; New York 5 - San Diego 0 |
| BOTTOM OF THE 6TH |
|
San Diego Padres batting - Pitching for New York Mets : LHP William Scholl
|
|
Now at 2B: Rick Burleson
|
|
|
Now in LF: Garry Maddox
|
|
|
Now in RF: Roy E Johnson
|
|
|
Batting: RHB Dennis Dungy
|
0-0: Foul Ball, location: 2F 0-1: Foul Ball, location: 2F 0-2: Ball 1-2: Ball 2-2: Ball 3-2: Ground out 6-3 (Groundball, 6, EV 102.5 MPH)
|
|
Batting: LHB Tom Dunbar
|
0-0: Ball 1-0: Ball 2-0: Called Strike 2-1: Ball 3-1: Called Strike 3-2: Strikes out swinging
|
|
Batting: RHB Joel Youngblood
|
0-0: SINGLE (Line Drive, 8RS, EV 110.6 MPH)
|
|
Batting: LHB Jerry McDonald
|
0-0: Ball 1-0: Ball 2-0: Called Strike 2-1: Foul Ball, location: 2F 2-2: Fly out, F8 (Flyball, 8LS, EV 89.4 MPH)
|
| Bottom of the 6th over - 0 runs, 1 hit, 0 errors, 1 left on base; New York 5 - San Diego 0 |
| TOP OF THE 7TH |
|
New York Mets batting - Pitching for San Diego Padres : RHP Raymond Prince
|
|
Pinch Hitting: LHB Alamazoo White
|
0-0: Ball 1-0: Fly out, F8 (Flyball, 89XD, EV 85.6 MPH)
|
|
Pinch Hitting: RHB Bill Almon
|
0-0: Ball 1-0: Called Strike 1-1: Foul Ball, location: 2F 1-2: Strikes out looking
|
|
Batting: RHB German Rivera
|
0-0: Ball 1-0: Foul Ball, location: 2F 1-1: Called Strike 1-2: Strikes out looking
|
| Top of the 7th over - 0 runs, 0 hits, 0 errors, 0 left on base; New York 5 - San Diego 0 |
| BOTTOM OF THE 7TH |
|
San Diego Padres batting - Pitching for New York Mets : LHP William Scholl
|
|
Now at 1B: Alamazoo White
|
|
|
Now at 3B: Bill Almon
|
|
|
Batting: RHB Heriberto Soltero
|
0-0: Foul Ball, location: 2F 0-1: Foul Ball, location: 2F 0-2: Ball 1-2: Ball 2-2: Fly out, F3 (Popup, 3F, EV 73.8 MPH)
|
|
Batting: RHB Eddy Martinez
|
0-0: Swinging Strike 0-1: Ball 1-1: Ball 2-1: Ball 3-1: Base on Balls
|
|
Pitching: RHP Kip Young
|
|
|
Batting: LHB Jeffrey Zitek
|
0-0: Ball 1-0: Called Strike 1-1: SINGLE (Groundball, 34S, EV 66.3 MPH) (infield hit) Eddy Martinez to second
|
|
Pinch Hitting: LHB Chris Chambliss
|
0-0: Fielders Choice at 2nd, 3-6 (Groundball, 3, EV 85.0 MPH) Eddy Martinez to third
|
|
Pinch Hitting: RHB Dave Edler
|
0-0: Ball 1-0: Fly out, F8 (Line Drive, 8RD, EV 98.8 MPH)
|
| Bottom of the 7th over - 0 runs, 1 hit, 0 errors, 2 left on base; New York 5 - San Diego 0 |
| TOP OF THE 8TH |
|
New York Mets batting - Pitching for San Diego Padres : RHP Raymond Prince
|
|
Pitching: RHP Luis Gutierrez
|
|
|
Now at 3B: Dave Edler
|
|
|
Batting: RHB Juan Garcia
|
0-0: Called Strike 0-1: Ball 1-1: Called Strike 1-2: Ball 2-2: Fly out, F8 (Line Drive, 8RD, EV 86.3 MPH)
|
|
Pinch Hitting: LHB Terry Kennedy
|
0-0: Called Strike 0-1: Ball 1-1: SINGLE (Line Drive, 89S, EV 90.6 MPH)
|
|
Batting: RHB Rick Burleson
|
0-0: Ball 1-0: SINGLE (Groundball, 6MD, EV 94.4 MPH) Terry Kennedy to second Runner from 2nd tries for 3rd, SAFE, no throw by CF
|
|
Batting: RHB Jason Sickman
|
0-0: Called Strike 0-1: Foul Ball, location: 2F 0-2: SINGLE (Line Drive, 7LS, EV 92.5 MPH) Terry Kennedy scores Rick Burleson to second
|
|
Batting: LHB Roy E Johnson
|
0-0: Ball Rick Burleson steals 3rd base 1-0: Foul Ball, location: 2F 1-1: Foul Ball, location: 2F 1-2: Ball 2-2: Ball 3-2: Base on Balls Jason Sickman to second
|
|
Batting: RHB Garry Maddox
|
0-0: Ball 1-0: Foul Ball, location: 2F 1-1: Ball 2-1: Ball 3-1: Foul Ball, location: 2F 3-2: Strikes out looking
|
|
Batting: LHB Alamazoo White
|
0-0: Foul Ball, location: 2F 0-1: Ball 1-1: Called Strike 1-2: Fly out, F9 (Flyball, 9S, EV 80.6 MPH)
|
| Top of the 8th over - 1 run, 3 hits, 0 errors, 3 left on base; New York 6 - San Diego 0 |
| BOTTOM OF THE 8TH |
|
San Diego Padres batting - Pitching for New York Mets : RHP Kip Young
|
|
Pitching: LHP Rich Wortham
|
|
|
Pinch Hitting: RHB Mike Calise
|
0-0: Ball 1-0: Foul Ball, location: 2F 1-1: Ball 2-1: Swinging Strike 2-2: Ball 3-2: Base on Balls
|
|
Pinch Hitting: LHB Eric Attaway
|
0-0: Ball 1-0: Foul Ball, location: 2F 1-1: SINGLE (Groundball, 6MS, EV 62.5 MPH) (infield hit) Mike Calise to second
|
|
Batting: RHB Joel Youngblood
|
0-0: Swinging Strike 0-1: Swinging Strike 0-2: Strikes out swinging
|
|
Pinch Hitting: RHB Tommy Curran
|
0-0: Swinging Strike 0-1: Ball 1-1: Swinging Strike 1-2: Ball 2-2: Strikes out swinging
|
|
Batting: RHB Heriberto Soltero
|
0-0: Swinging Strike 0-1: Ball 1-1: Fly out, F7 (Line Drive, 7, EV 98.1 MPH)
|
| Bottom of the 8th over - 0 runs, 1 hit, 0 errors, 2 left on base; New York 6 - San Diego 0 |
| TOP OF THE 9TH |
|
New York Mets batting - Pitching for San Diego Padres : RHP Luis Gutierrez
|
|
Now in LF: Tommy Curran
|
|
|
Now in CF: Eric Attaway
|
|
|
Now in RF: Mike Calise
|
|
|
Batting: RHB Bill Almon
|
0-0: Ball 1-0: Foul Ball, location: 2F 1-1: Swinging Strike 1-2: Strikes out swinging
|
|
Batting: RHB German Rivera
|
0-0: SOLO HOME RUN (Flyball, 7D, EV 94.4 MPH), Distance : 392 ft
|
|
Batting: RHB Juan Garcia
|
0-0: Ball 1-0: Foul Ball, location: 2F 1-1: Ball 2-1: Swinging Strike 2-2: Fly out, F8 (Flyball, 8LD, EV 90.0 MPH)
|
|
Batting: RHB Rich Wortham
|
0-0: Foul Ball, location: 2F 0-1: Called Strike 0-2: Foul Ball, location: 2F 0-2: Ball 1-2: Foul Ball, location: 2F 1-2: Ball 2-2: Ball 3-2: Ground out 6-3 (Groundball, 56, EV 106.3 MPH)
|
| Top of the 9th over - 1 run, 1 hit, 0 errors, 0 left on base; New York 7 - San Diego 0 |
| BOTTOM OF THE 9TH |
|
San Diego Padres batting - Pitching for New York Mets : LHP Rich Wortham
|
|
Pinch Hitting: LHB Darrell Porter
|
0-0: Called Strike 0-1: Called Strike 0-2: Ball 1-2: Ball 2-2: Ball 3-2: Base on Balls
|
|
Batting: LHB Jeffrey Zitek
|
0-0: Foul Ball, location: 2F 0-1: Ball 1-1: SINGLE (Groundball, 23, EV 71.3 MPH) (infield hit) Darrell Porter to second
|
|
Batting: LHB Luis Gutierrez
|
0-0: Ball 1-0: Called Strike 1-1: Ball 2-1: Called Strike 2-2: Strikes out swinging
|
|
Batting: RHB Dave Edler
|
0-0: Ball 1-0: Fielders Choice at 2nd, 6-4 (Groundball, 56, EV 94.4 MPH) Darrell Porter to third
|
|
Batting: RHB Mike Calise
|
0-0: Ball 1-0: Foul Ball, location: 2F 1-1: Called Strike Pickoff Throw to First - Error! E1 Darrell Porter scores Dave Edler to second 1-2: SINGLE (Groundball, 25, EV 61.9 MPH) (infield hit) Dave Edler to third
|
|
Batting: LHB Eric Attaway
|
0-0: Fly out, F8 (Flyball, 8LS, EV 88.1 MPH)
|
| Bottom of the 9th over - 1 run, 2 hits, 1 error, 2 left on base; New York 7 - San Diego 1 |
|